 Dungeon Crawl Stone Soup version 0.30-a0-1123-gabc949cf19 (webtiles) character file.

Game seed: 3606948939141528560

10182 Sobieck the Destroyer (level 12, -3/97 HPs)
             Began as a Meteoran Conjurer on Apr 21, 2023.
             Was a Priest of Sif Muna.
             Slain by a demonic crawler (20 damage)
             ... on level 1 of the Spider Nest on Apr 22, 2023.
             The game lasted 00:28:56 (4082 turns).

Sobieck the Destroyer (Meteoran Conjurer)           Turns: 4082, Time: 00:28:57

Health: -3/97      AC: -8    Str: 10    XL:     12   Next: 16%
Magic:  26/37      EV: 15    Int: 24    God:    Sif Muna [***...]
Gold:   533        SH:  0    Dex: 13    Spells: 22/33 levels left

rFire   . . .        j - +3 scimitar (heavy) {long}
rCold   . . .        (no shield)
rNeg    . . .        a - +0 robe
rPois   +            (no helmet)
rElec   .            n - +2 cloak
rCorr   .            l - +1 pair of gloves
SInv    .            t - +0 pair of boots
Will    +....        D - amulet of magic regeneration {@e2}
Stlth   +            s - ring of magical power
HPRegen 0.36/turn    z - ring of poison resistance
MPRegen 0.65/turn

%: no passive effects
@: corroded, glowing
A: sense surroundings 2, otherworldly, glowing, explore regen
a: Renounce Religion, Channel Magic, Forget Spell


You were on level 1 of the Spider Nest.
You worshipped Sif Muna.
Sif Muna was most pleased with you.
You visited 4 branches of the dungeon, and saw 12 of its levels.
You also visited: Ossuary.

You collected 596 gold pieces.
You spent 63 gold pieces at shops.


Innate Abilities, Weirdness & Mutations

You passively map the area around you.
You are easily found by Zot.
You glow in the dark.
You regain HP and MP as you explore.


   Skills:
 + Level 6.3 Fighting
 + Level 7.4 Dodging
 - Level 1.4 Stealth
 - Level 5.0 Shields
 - Level 11.0 Spellcasting
 - Level 12.0 Conjurations
 - Level 5.0 Hexes
 - Level 5.0 Translocations
 + Level 7.5 Invocations


You had 22 spell levels left.
You knew the following spells:

 Your Spells              Type           Power      Damage    Failure   Level
a - Magic Dart            Conj           100%       1d8       1%          1
b - Searing Ray           Conj           100%       2d8       1%          2
c - Iskenderun's Mystic   Conj/Tloc      52%        2d11      1%          4
d - Fulminant Prism       Conj/Hex       26%        3d14      1%          4

Your spell library contained the following spells:

 Spells                   Type           Power      Damage    Failure   Level
 Dazzling Flash           Conj/Hex       100%       N/A       1%          3
 Mephitic Cloud           Conj/Pois/Air  32%        N/A       2%          3
 Vhi's Electric Charge    Tloc/Air       50%        N/A       4%          3
 Call Imp                 Summ           26%        N/A       7%          2
 Arcjolt                  Conj/Air       21%        1d31      11%         5
 Maxwell's Capacitive Co  Air            6%         ∞         100%        8

Inventory:

Hand Weapons
 c - a +0 club {mace}
   (You took it off a gnoll on level 4 of the Dungeon)
 e - a +0 short sword {short}
   (You took it off a kobold on level 1 of the Dungeon)
 g - a +0 club {mace}
   (You took it off a goblin on level 1 of the Dungeon)
 j - a +3 heavy scimitar (weapon) {long}
   (You took it off a wight on level 8 of the Dungeon)
 o - a +0 flail {mace}
   (You found it on level 2 of the Dungeon)
 A - a +0 mace {mace}
   (You took it off an orc on level 4 of the Dungeon)
 G - a +0 club {mace}
   (You took it off an orc on level 3 of the Dungeon)
 J - a +0 dagger {short}
   (You took it off an orc wizard on level 3 of the Dungeon)
 V - a +2 dagger of pain {short}
   (You took it off Ijyb on level 5 of the Dungeon)
Missiles
 f - 21 stones {throwing}
 k - 6 boomerangs of dispersal {=f!fthrowing}
Armour
 a - a +0 robe (worn)
 l - a +1 pair of gloves (worn)
   (You bought it in a shop on level 4 of the Dungeon)
 n - a +2 cloak (worn)
   (You found it on level 4 of the Dungeon)
 q - a +0 buckler
   (You found it on level 2 of the Dungeon)
 t - a +0 pair of boots (worn)
   (You found it on level 6 of the Dungeon)
 F - a +0 robe
   (You took it off an orc wizard on level 3 of the Dungeon)
 H - a +0 chain mail
   (You took it off an orc on level 3 of the Dungeon)
 K - a +0 robe
   (You took it off an orc wizard on level 3 of the Dungeon)
 O - a +0 cloak
   (You found it on level 4 of the Dungeon)
 Y - a +0 chain mail
   (You took it off Ijyb on level 5 of the Dungeon)
Magical Staves
 I - a staff of death {!astaff}
   (You found it on level 5 of the Dungeon)
 L - a staff of air {!astaff}
   (You found it on level 8 of the Dungeon)
Jewellery
 r - an amulet of guardian spirit
   (You found it on level 4 of the Dungeon)
 s - a ring of magical power (left hand)
   (You found it on level 3 of the Dungeon)
 w - a +4 ring of protection
   (You found it on level 7 of the Dungeon)
 z - a ring of poison resistance (right hand)
   (You found it on level 3 of the Dungeon)
 D - an amulet of magic regeneration (around neck) {@e2}
   (You found it on level 3 of the Dungeon)
 E - a ring of ice
   (You found it on level 5 of the Dungeon)
 N - a ring of fire
   (You found it on level 6 of the Dungeon)
Wands
 u - a wand of mindburst (8)
   (You found it on level 7 of the Dungeon)
 Z - a wand of flame (31)
   (You took it off Ijyb on level 5 of the Dungeon)
Scrolls
 i - 2 scrolls of poison
 p - 4 scrolls of teleportation {@r4}
 v - a scroll of fog
 y - 2 scrolls of vulnerability {!r!r}
 P - a scroll of blinking {!r}
 Q - a scroll of enchant weapon
Potions
 d - a potion of flight {unknown}
 h - a potion of degeneration {!q@e2}
 m - a potion of mutation {!q}
 x - a potion of brilliance {unknown}
 B - 2 potions of lignification {!q}
 C - 5 potions of curing {@q1}
 M - 3 potions of berserk rage {unknown}
 R - 3 potions of heal wounds {@q2}
 S - a potion of resistance {unknown}
 T - 2 potions of invisibility {unknown}
 U - 3 potions of might {unknown}
 W - 3 potions of attraction {unknown}
 X - 2 potions of haste {unknown}

Dungeon Overview and Level Annotations

Branches:
Dungeon (8/15) Zot: 1333   Temple (1/1) D:6 Zot: 568    Lair (2/5) D:8 Zot: 949
 Spider (1/4) Lair:2 Zot: 505 Ossuary (visited)
  Swamp: Lair:2-3    Shoals: Lair:2-3

Altars:
Ashenzari
Cheibriados
Dithmenos
Hepliaklqana
Makhleb
Nemelex Xobeh
Okawaru
Qazlal
Ru
Sif Muna
Trog
Uskayaw
Wu Jian
Xom
Zin

Shops:
D:4 [   D:6 *

Annotations:
D:5 1 runed translucent door, Crazy Yiuf

, ...........#.#, , * , ,
.............# ,, #........^..# ,
*#.........# , , , ,,
*#....B....#,# * ,, ,
#....†....#.# , , * #....†..... .
, ##.s......., , . , , ,,*
##@^#####..* , ,. , ..*
##.####..#..## ,. * .#
##.......#.##.## , . #^##
##..#.........#...# . #.#.#
##..##..........#..##.
#...##..###...........#^.<#
#......###.............###. #
##.#..###....^..........###
.#######...###................###


You could see an entropy weaver and a demonic crawler.


Message History

The moth of wrath is knocked back by the mystic blast.
The jumping spider leaps!
You erupt in a blast of force!
The mystic blast hits the jumping spider!
The jumping spider is knocked back by the mystic blast.
The jumping spider slams into the rock wall!
The mystic blast hits the demonic crawler.
The demonic crawler is knocked back by the mystic blast.
The jumping spider pounces on you but does no damage.
The jumping spider bites you but does no damage.
The entropy weaver casts a spell at you.
The entropic weave corrodes you!
The moth of wrath goads the jumping spider on!
The jumping spider goes berserk!
You erupt in a blast of force!
The mystic blast hits the moth of wrath!
The moth of wrath is knocked back by the mystic blast.
The mystic blast hits the demonic crawler!
The demonic crawler is knocked back by the mystic blast.
The mystic blast hits the jumping spider!
The jumping spider is knocked back by the mystic blast.
The jumping spider slams into the rock wall!
The jumping spider closely misses you. The jumping spider bites you.
The jumping spider pounces on you!! The jumping spider bites you!
You are too injured to fight recklessly!
Unknown command.
Unknown command.
Casting: Iskenderun's Mystic Blast (mildly dangerous; 1% risk of failure)
Confirm with . or Enter, or press ? or * to list all spells.
You erupt in a blast of force!
The mystic blast hits the demonic crawler!
The demonic crawler is knocked back by the mystic blast.
The mystic blast hits the jumping spider.
The jumping spider is knocked back by the mystic blast.
The jumping spider slams into the rock wall!
The jumping spider pounces on you!!
* * * LOW HITPOINT WARNING * * *
You are caught in a web!
The jumping spider bites you.
* * * LOW HITPOINT WARNING * * *
Casting: Iskenderun's Mystic Blast (mildly dangerous; 1% risk of failure)
Confirm with . or Enter, or press ? or * to list all spells.
You erupt in a blast of force!
The mystic blast hits the entropy weaver!
The entropy weaver is knocked back by the mystic blast.
The mystic blast hits the jumping spider!
You kill the jumping spider!
Sif Muna accepts your kill.
Casting: Iskenderun's Mystic Blast (mildly dangerous; 1% risk of failure)
Confirm with . or Enter, or press ? or * to list all spells.
You erupt in a blast of force!
The mystic blast hits the moth of wrath!
The moth of wrath is knocked back by the mystic blast.
The mystic blast hits the demonic crawler!
The demonic crawler is knocked back by the mystic blast.
The web tears apart.
The entropy weaver gestures at you while chanting.
The entropic weave corrodes you!
Casting: Iskenderun's Mystic Blast (mildly dangerous; 1% risk of failure)
Confirm with . or Enter, or press ? or * to list all spells.
You erupt in a blast of force!
The mystic blast hits the demonic crawler but does no damage.
The demonic crawler hits you.
* * * LOW HITPOINT WARNING * * *
The demonic crawler barely misses you. x2
Unknown command.
Casting: Iskenderun's Mystic Blast (mildly dangerous; 1% risk of failure)
Confirm with . or Enter, or press ? or * to list all spells.
You erupt in a blast of force!
The mystic blast hits the entropy weaver!
The entropy weaver is knocked back by the mystic blast.
The mystic blast hits the moth of wrath!
You kill the moth of wrath!
Sif Muna accepts your kill.
The mystic blast hits the demonic crawler!
The demonic crawler is knocked back by the mystic blast.
The entropy weaver points at you and mumbles some strange words.
The entropic weave corrodes you! Magic courses through your body.
Casting: Iskenderun's Mystic Blast (mildly dangerous; 1% risk of failure)
Confirm with . or Enter, or press ? or * to list all spells.
You erupt in a blast of force!
The mystic blast hits the entropy weaver.
The entropy weaver is knocked back by the mystic blast.
The mystic blast hits the demonic crawler.
The demonic crawler is knocked back by the mystic blast.
Unknown command.
Casting: Iskenderun's Mystic Blast (mildly dangerous; 1% risk of failure)
Confirm with . or Enter, or press ? or * to list all spells.
You erupt in a blast of force!
The mystic blast hits the demonic crawler!
The demonic crawler is knocked back by the mystic blast.
The entropy weaver points at you and mumbles some strange words.
The entropic weave corrodes you! The demonic crawler hits you!
* * * LOW HITPOINT WARNING * * *
The demonic crawler hits you.
* * * LOW HITPOINT WARNING * * *
The demonic crawler hits you!!
You die...

Skill      XL: |  1  2  3  4  5  6  7  8  9 10 11 12 |
---------------+-------------------------------------+-----
Spellcasting   | 3 4 5 6 7 9 10 11 | 11.0
Conjurations   | 5 6 7 8 10 11 12 | 12.0
Translocations | 1 2 3 4 5 |  5.0
Hexes          | 3 5 |  5.0
Invocations    | 4 6 7 |  7.5
Fighting       | 3 5 6 |  6.3
Shields        | 3 5 |  5.0
Dodging        | 4 6 7 |  7.4
Stealth        | |  1.4

Action                     |  1- 3 |  4- 6 |  7- 9 | 10-12 || total
---------------------------+-------+-------+-------+-------++-------
  Melee: Scimitar          |       |       |       |     3 ||     3
   Cast: Magic Dart        |    44 |    48 |    58 |       ||   150
         Searing Ray       |     3 |    12 |    26 |     1 ||    42
         Iskenderun's Myst |       |       |    24 |   133 ||   157
         Fulminant Prism   |       |       |     1 |       ||     1
    Use: Scroll            |       |     9 |     3 |     4 ||    16
         Potion            |       |       |       |     1 ||     1
 Armour: Robe              |     2 |     1 |    13 |    31 ||    47
  Dodge: Dodged            |     2 |     4 |    19 |    44 ||    69

Levels and vault maps discovered:
D:1:      matt_arrival_spirals, layout_basic,
          hellmonk_ecumenical_altar_prayer_group, minmay_tree_intersection,
          st_stairs_11
D:2:      layout_basic
D:3:      layout_basic, mainiacjoe_overflow_boulevard
D:4:      layout_cave_pods, nicolae_ossuary_entry_ruins, st_stairs_3,
          nicolae_inconvenience_store
D:5:      layout_loops_corners, lightli_corner_chamber, uniq_crazy_yiuf_cottage,
          uniq_ijyb, uniq_grinder, uniq_menkaure
D:6:      layout_basic, okawaru_metal_pillars_1_2,
          minmay_temple_entry_butterflies, nicolae_elemental_shop,
          nrook_campfire, kennysheep_generic_room_2
D:7:      layout_layer_cave, nicolae_elyvilon_peaceful_grove, vehumet_statue,
          kennysheep_slug_shrine
D:8:      layout_layer_cave, hellmonk_lair_entry_icy
Temple:   hellmonk_temple_two_chambers
Lair:1:   layout_hall_layers
Lair:2:   layout_long_grid, spider_nest_entry_a, minmay_shattered_shrine,
          serial_bayou_shore_a, serial_bayou_shore_b
Spider:1: layout_chambers

Notes
Turn   | Place    | Note
-------+----------+-------------------------------------------
     0 | D:1      | Sobieck the Meteoran Conjurer began the quest for the Orb.
     0 | D:1      | Reached XP level 1. HP: 14/14 MP: 5/5
    46 | D:1      | Reached skill level 3 in Spellcasting
    46 | D:1      | Reached skill level 5 in Conjurations
    46 | D:1      | Reached XP level 2. HP: 20/20 MP: 0/7
   166 | D:2      | Learned a level 2 spell: Searing Ray
   324 | D:2      | Reached XP level 3. HP: 22/26 MP: 2/9
   502 | D:2      | Reached XP level 4. HP: 33/33 MP: 7/10
   588 | D:3      | Reached skill level 4 in Spellcasting
   629 | D:3      | You pick up a book of Minor Magic and begin reading...
   629 | D:3      | You add the spells Call Imp and Mephitic Cloud to your
                  | library.
   669 | D:3      | Found a stormy altar of Qazlal.
   710 | D:3      | You add the spells Vhi's Electric Charge, Arcjolt and
                  | Maxwell's Capacitive Coupling to your library.
   718 | D:3      | Learned a level 4 spell: Iskenderun's Mystic Blast
   844 | D:3      | Reached skill level 6 in Conjurations
   844 | D:3      | Reached skill level 1 in Translocations
   844 | D:3      | Reached XP level 5. HP: 29/38 MP: 12/12
  1003 | D:4      | Reached skill level 2 in Translocations
  1050 | D:4      | Found Kyrus's Armour Shoppe.
  1099 | D:4      | Bought a +0 pair of gloves for 63 gold pieces
  1166 | D:4      | Reached XP level 6. HP: 45/45 MP: 14/14
  1167 | D:4      | Noticed an ice beast
  1179 | D:4      | Killed an ice beast
  1180 | D:4      | Reached skill level 5 in Spellcasting
  1309 | D:4      | Reached skill level 3 in Translocations
  1319 | D:4      | Found a sand-covered staircase.
  1326 | Ossuary  | Entered an ossuary
  1361 | Ossuary  | Reached XP level 7. HP: 50/50 MP: 16/16
  1440 | Ossuary  | Reached skill level 7 in Conjurations
  1602 | D:4      | Reached skill level 4 in Translocations
  1617 | D:4      | Reached skill level 6 in Spellcasting
  1789 | D:5      | Entered Level 5 of the Dungeon
  1794 | D:5      | Reached XP level 8. HP: 57/57 MP: 18/18
  1821 | D:5      | Noticed Ijyb
  1830 | D:5      | Reached skill level 5 in Translocations
  1833 | D:5      | Reached skill level 8 in Conjurations
  1833 | D:5      | Killed Ijyb
  1834 | D:5      | Reached skill level 7 in Spellcasting
  1839 | D:5      | Learned a level 4 spell: Fulminant Prism
  1981 | D:5      | Noticed Menkaure
  1995 | D:5      | Reached skill level 1 in Hexes
  1999 | D:5      | Killed Menkaure
  2000 | D:5      | Reached skill level 2 in Hexes
  2088 | D:5      | Noticed Grinder
  2103 | D:5      | Killed Grinder
  2104 | D:5      | Reached skill level 3 in Hexes
  2104 | D:5      | Gained mutation: You passively map the area around you.
                  | [Meteoran growth]
  2104 | D:5      | Reached XP level 9. HP: 62/62 MP: 17/21
  2126 | D:5      | Reached skill level 8 in Spellcasting
  2200 | D:5      | Reached skill level 9 in Conjurations
  2200 | D:5      | Reached skill level 4 in Hexes
  2220 | D:5      | Reached skill level 5 in Hexes
  2223 | D:5      | Reached skill level 9 in Spellcasting
  2303 | D:5      | Found a runed translucent door.
  2304 | D:5      | Noticed Crazy Yiuf
  2441 | D:6      | Reached skill level 10 in Conjurations
  2481 | D:6      | Reached XP level 10. HP: 57/69 MP: 22/24
  2567 | D:6      | Found a staircase to the Ecumenical Temple.
  2572 | Temple   | Entered the Ecumenical Temple
  2600 | Temple   | Became a worshipper of Sif Muna the Loreminder
  2699 | D:6      | Found an iron altar of Okawaru.
  2730 | D:6      | Found Guzxajof's Elemental Accessories.
  2784 | D:6      | Reached skill level 1 in Invocations
  2894 | D:7      | Found a snail-covered altar of Cheibriados.
  2947 | D:7      | Reached skill level 1 in Fighting
  2947 | D:7      | Reached skill level 1 in Shields
  2990 | D:7      | Reached skill level 3 in Dodging
  2996 | D:7      | Reached skill level 2 in Invocations
  3006 | D:7      | Reached * piety under Sif Muna
  3173 | D:7      | Reached skill level 2 in Fighting
  3173 | D:7      | Reached skill level 2 in Shields
  3426 | D:8      | Noticed a rime drake
  3431 | D:8      | Reached skill level 11 in Conjurations
  3432 | D:8      | Reached skill level 3 in Invocations
  3452 | D:8      | Reached skill level 4 in Dodging
  3452 | D:8      | Reached skill level 10 in Spellcasting
  3452 | D:8      | Killed a rime drake
  3453 | D:8      | Reached skill level 3 in Shields
  3469 | D:8      | Reached ** piety under Sif Muna
  3506 | D:8      | Upgraded the game from 0.30-a0-1116-gebefce21f7 to
                  | 0.30-a0-1123-gabc949cf19
  3555 | D:8      | Found a staircase to the Lair.
  3573 | D:8      | Reached skill level 3 in Fighting
  3639 | D:8      | Reached skill level 4 in Invocations
  3739 | Lair:1   | Entered Level 1 of the Lair of Beasts
  3739 | Lair:1   | Noticed a cane toad
  3748 | Lair:1   | Reached XP level 11. HP: 82/82 MP: 26/26
  3778 | Lair:1   | Reached skill level 4 in Shields
  3782 | Lair:1   | Reached skill level 5 in Dodging
  3784 | Lair:1   | Reached skill level 4 in Fighting
  3784 | Lair:1   | Reached skill level 12 in Conjurations
  3784 | Lair:1   | Reached skill level 5 in Invocations
  3789 | Lair:1   | Noticed a black mamba
  3800 | Lair:1   | Killed a black mamba
  3868 | Lair:1   | Reached skill level 5 in Shields
  3870 | Lair:1   | Reached skill level 5 in Fighting
  3870 | Lair:1   | Reached skill level 6 in Dodging
  3935 | Lair:2   | Found a hole to the Spider Nest.
  3943 | Lair:2   | Reached skill level 11 in Spellcasting
  3943 | Lair:2   | Reached skill level 6 in Invocations
  3946 | Lair:2   | Reached *** piety under Sif Muna
  3988 | Spider:1 | Entered Level 1 of the Spider Nest
  4027 | Spider:1 | Noticed a wolf spider
  4036 | Spider:1 | Reached XP level 12. HP: 95/95 MP: 26/28
  4050 | Spider:1 | Reached skill level 6 in Fighting
  4050 | Spider:1 | Reached skill level 7 in Dodging
  4050 | Spider:1 | Reached skill level 7 in Invocations
  4061 | Spider:1 | Noticed an entropy weaver
  4082 | Spider:1 | HP: 21/97 [demonic crawler (14)]
  4082 | Spider:1 | Slain by a demonic crawler

Vanquished Creatures
  A wolf spider (Spider:1)
  A moth of wrath (Spider:1)
  A black mamba (Lair:1)
  4 cane toads
  A rime drake (D:8)
  A komodo dragon (Lair:2)
  Grinder (D:5)
  2 tarantellas (Spider:1)
  4 jumping spiders
  15 yaks
  3 redbacks
  Menkaure (D:5)
  4 water moccasins
  A sky beast (D:7)
  2 black bears
  5 ice beasts
  An ogre (D:6)
  3 wolves (D:8)
  A centaur (D:5)
  A phantom (D:5)
  2 kobold brigands
  2 scorpions (D:6)
  A bullfrog (D:8)
  7 wights
  4 killer bees (D:7)
  A howler monkey (D:8)
  4 jellies
  A hound (D:4)
  3 gnoll boudas
  2 orc priests
  Ijyb (D:5)
  5 orc wizards
  2 sleepcaps (D:4)
  6 iguanas
  8 mummies (Ossuary)
  14 gnolls
  6 adders
  A shadow imp (D:5)
  A white imp (D:6)
  2 ufetubi
  4 dart slugs
  30 orcs
  6 endoplasms
  5 giant cockroaches
  5 hobgoblins
  8 jackals
  14 kobolds
  2 quokkas
  5 ball pythons
  A bat (D:2)
  2 frilled lizards
  A gnoll zombie (Ossuary)
  9 goblins
  A hobgoblin zombie (Ossuary)
  3 kobold zombies (Ossuary)
  3 orc zombies (Ossuary)
225 creatures vanquished.

Vanquished Creatures (others)
  A fulminant prism (D:5)
  A fungus (Lair:2)
2 creatures vanquished.

Grand Total: 227 creatures vanquished

Table legend:
 A = Non-vault XP
 B = Vault XP
 C = Vault XP percentage of total XP
 D = Non-vault monster count
 E = Vault monster count
 F = Vault count percentage of total count
                 A         B        C        D         E       F
            +---------+---------+-------+---------+---------+-------
      Total |   11941 |    2606 |  17.9 |     184 |      41 |  18.2
            +---------+---------+-------+---------+---------+-------
        D:1 |      20 |       9 |  31.0 |      12 |       5 |  29.4
        D:2 |      31 |       0 |   0.0 |      10 |       0 |   0.0
        D:3 |     121 |       0 |   0.0 |      19 |       0 |   0.0
        D:4 |     447 |      58 |  11.5 |      21 |       3 |  12.5
        D:5 |    1557 |     488 |  23.9 |      23 |       3 |  11.5
        D:6 |     719 |      13 |   1.8 |      15 |       2 |  11.8
        D:7 |     801 |       4 |   0.5 |      20 |       1 |   4.8
        D:8 |     816 |    1244 |  60.4 |      37 |       8 |  17.8
     Lair:1 |    4272 |       0 |   0.0 |      17 |       0 |   0.0
     Lair:2 |     719 |     632 |  46.8 |       2 |       3 |  60.0
   Spider:1 |    2438 |       0 |   0.0 |       8 |       0 |   0.0
    Ossuary |       0 |     158 | 100.0 |       0 |      16 | 100.0
            +---------+---------+-------+---------+---------+-------

Illustrated notes

Table legend:
 A = Kills in this place as a percentage of kills in the entire game.
 B = Kills by you in this place as a percentage of kills by you in the entire game.
 C = Kills by friends in this place as a percentage of kills by friends in the entire game.
 D = Other kills in this place as a percentage of other kills in the entire game.
 E = Experience gained in this place as a percentage of experience gained in the entire game.
 F = Experience gained in this place divided by the number of levels of this place that you have seen.
                   A       B       C       D       E      F
               +-------+-------+-------+-------+-------+----------------------
         Total | 100.0 | 100.0 |   N/A |   N/A | 100.0 | 1119.0
       Dungeon |  79.6 |  79.6 |   N/A |   N/A |  43.5 | 791.0
          Lair |   9.8 |   9.8 |   N/A |   N/A |  38.7 | 2811.5
   Spider Nest |   3.6 |   3.6 |   N/A |   N/A |  16.8 | 2438.0
       Ossuary |   7.1 |   7.1 |   N/A |   N/A |   1.1 | 158.0
               +-------+-------+-------+-------+-------+----------------------

Table legend: (Time is in decaauts)
 A = Elapsed time spent in this place.
 B = Non-inter-level travel time spent in this place.
 C = Inter-level travel time spent in this place.
 D = Time resting spent in this place.
 E = Time spent auto-exploring this place.
 F = Levels seen in this place.
 G = Mean time per level.
                   A        B        C        D        E       F      G
               +--------+--------+--------+--------+--------+-----+--------+
         Total |   4085 |   3966 |    119 |     39 |     48 |  13 |  314.2 |
       Dungeon |   3466 |   3347 |    119 |     20 |     48 |   8 |  433.2 |
        Temple |     31 |     31 |      0 |      0 |      0 |   1 |   31.0 |
          Lair |    250 |    250 |      0 |      0 |      0 |   2 |  125.0 |
   Spider Nest |     93 |     93 |      0 |      0 |      0 |   1 |   93.0 |
       Ossuary |    243 |    243 |      0 |     19 |      0 |   1 |  243.0 |
               +--------+--------+--------+--------+--------+-----+--------+

Top non-repeatable levels by time:
     D:4: 560 daAuts
     D:7: 558 daAuts
     D:5: 546 daAuts
     D:6: 492 daAuts
     D:3: 441 daAuts
     D:2: 354 daAuts
     D:8: 316 daAuts
 Ossuary: 243 daAuts
     D:1: 196 daAuts
  Lair:1: 194 daAuts
Spider:1: 93 daAuts
  Lair:2: 55 daAuts
  Temple: 31 daAuts
